 Dungeon Crawl Stone Soup version 0.25.1-2-g60ff931df9 (console) character file.

Game seed: 8829812842437940247

956 Colgate the Thaumaturge (level 7, -1/36 HPs)
             Began as a Deep Elf Air Elementalist on Aug 13, 2020.
             Was a Follower of Kikubaaqudgha.
             Slain by an ice beast (14 damage)
             ... on level 5 of the Dungeon.
             The game lasted 01:17:57 (6139 turns).

Colgate the Thaumaturge (Deep Elf Air Elementalist) Turns: 6139, Time: 01:17:58

Health: -1/36      AC:  3    Str:  5    XL:     7   Next: 91%
Magic:  22/22      EV: 13    Int: 28    God:    Kikubaaqudgha [*.....]
Gold:   277        SH:  0    Dex: 15    Spells: 6/25 levels left

rFire    . . .     SeeInvis .   F - +0 war axe
rCold    . . .     Gourm    .   (no shield)
rNeg     . . .     Faith    .   a - +0 robe
rPois    .         Spirit   .   (no helmet)
rElec    .         Reflect  .   (no cloak)
rCorr    .         Harm     .   (no gloves)
MR       .....     Rnd*Tele +   A - +0 pair of boots
Stlth    ++........             (no amulet)
HPRegen  0.12/turn              D - +6 ring of intelligence
MPRegen  0.18/turn              u - ring of teleportation (curse)

@: no status effects
A: no striking features
a: Receive Corpses, Renounce Religion


You were on level 5 of the Dungeon.
You worshipped Kikubaaqudgha.
Kikubaaqudgha was aware of your devotion.
You were hungry.

You visited 1 branch of the dungeon, and saw 5 of its levels.

You collected 277 gold pieces.

Inventory:

Hand Weapons
 j - a +0 hunting sling
 o - a +2 whip of distortion
 F - a +0 war axe (weapon)
 G - a +0 antimagic war axe
Missiles
 h - 141 stones
 i - 43 bolts
 n - 8 poisoned darts (quivered)
 q - 61 arrows
 v - 33 sling bullets
Armour
 a - a +0 robe (worn)
 A - a +0 pair of boots (worn)
Jewellery
 f - an uncursed ring of fire
 u - a cursed ring of teleportation (right hand)
 w - a +6 ring of strength
 D - a +6 ring of intelligence (left hand)
Scrolls
 k - a scroll of noise {unknown}
 l - 7 scrolls of remove curse {unknown}
 p - 2 scrolls of enchant weapon {unknown}
 s - 4 scrolls of identify {unknown}
 t - 2 scrolls of magic mapping {unknown}
 y - 2 scrolls of amnesia {unknown}
 B - a scroll of fear {unknown}
 E - a scroll of blinking {unknown}
 H - a scroll of teleportation {unknown}
Potions
 b - a potion of curing {unknown}
 d - a potion of cancellation {unknown}
 e - 2 potions of degeneration {unknown}
 m - 2 potions of flight {unknown}
 r - 2 potions of stabbing {unknown}
 x - a potion of brilliance {unknown}
 z - 2 potions of mutation {unknown}
 C - 2 potions of haste {unknown}
 I - a potion of resistance {unknown}
Comestibles
 c - 5 rations


   Skills:
 - Level 2.4 Dodging
 - Level 2.4 Stealth
 + Level 9.6 Spellcasting
 - Level 5.5 Conjurations
 - Level 4.0 Air Magic


You had 6 spell levels left.
You knew the following spells:

 Your Spells              Type           Power        Failure   Level  Hunger
a - Shock                 Conj/Air       ####         1%          1    None
b - Swiftness             Chrm/Air       ###.....     2%          2    None
c - Static Discharge      Conj/Air       #####...     1%          3    None
d - Corpse Rot            Necr/Air       N/A          2%          2    None
e - Airstrike             Air            #####.....   8%          4    None
f - Lightning Bolt        Conj/Air       #####.....   16%         5    ####...
g - Blink                 Tloc           N/A          6%          2    None

Your spell library contained the following spells:

 Spells                   Type           Power        Failure   Level  Hunger
 Magic Dart               Conj           ####         1%          1    None
 Mephitic Cloud           Conj/Pois/Air  ####....     3%          3    None
 Pain                     Necr           ##..         4%          1    None
 Conjure Flame            Conj/Fire      ####....     4%          3    None
 Call Imp                 Summ           ##......     6%          2    None
 Slow                     Hex            ##......     6%          2    None
 Sublimation of Blood     Necr           ##........   6%          2    None
 Vampiric Draining        Necr           ##........   13%         3    None


Dungeon Overview and Level Annotations

Branches:
Dungeon (5/15)
 Temple: D:4-7

Altars:
Kikubaaqudgha
Makhleb
Sif Muna
Trog
Xom
Zin


Message History

An ice beast comes into view.
The ice beast is engulfed in dark miasma.
The scorpion is engulfed in dark miasma.
The scorpion looks even sicker.
The scorpion seems to slow down.
You kill the scorpion!
Kikubaaqudgha accepts your kill.
There is a stone staircase leading up here.
You climb upwards.
There is a stone staircase leading down here.
You start resting.
You are feeling hungry.
Okay, then.
You start resting.
Magic restored.
You climb downwards.
The ice beast misses you. The ice beast closely misses you.
The ice beast hits you. The ice beast freezes you! The ice beast hits you.
The ice beast freezes you!
There is a stone staircase leading up here.
The ice beast completely misses you. The ice beast hits you.
The ice beast freezes you!
You die...
Kikubaaqudgha rasps: "You have failed me!
Welcome... death!"

# # ## ..#.#
#. ....# #.
##...#### #.
#...##... ##
#####..##....
.[....#..≈.≈
#Y...'...≈.
#@Y..'..≈.≈
###.)#..≈≈
#?.# . ##
#.)?## ###.
#..÷÷# ....
#...## ###.
##### #.
####. #....
#.... #....


You could see 2 ice beasts.

Vanquished Creatures
  Grinder (D:3)
  The ghost of nano the Insei, an amateur OpMo (D:4)
  2 eyes of draining (D:3)
  A scorpion (D:5)
  2 howler monkeys
  A bullfrog skeleton (D:4)
  Terence (D:3)
  An orc wizard (D:5)
  7 adders
  4 worms
  2 dart slugs (D:1)
  4 leopard geckos
  12 orcs
  6 giant cockroaches
  12 goblins
  8 hobgoblins
  11 kobolds
  3 quokkas
  3 ball pythons
  10 bats
  5 frilled lizards
  A quokka skeleton (D:4)
  10 rats
108 creatures vanquished.

Notes
Turn   | Place    | Note
-------+----------+-------------------------------------------
     0 | D:1      | Colgate the Deep Elf Air Elementalist began the quest for
                  | the Orb.
     0 | D:1      | Reached XP level 1. HP: 10/10 MP: 6/6
   365 | D:1      | Reached XP level 2. HP: 15/15 MP: 0/8
   497 | D:1      | Learned a level 2 spell: Swiftness
  1215 | D:1      | Reached XP level 3. HP: 19/19 MP: 7/9
  1220 | D:1      | Learned a level 3 spell: Static Discharge
  1742 | D:2      | Reached skill level 4 in Spellcasting
  1743 | D:2      | Found a glowing silver altar of Zin.
  1743 | D:2      | Noticed an angel
  1745 | D:2      | Found a shimmering altar of Xom.
  1802 | D:2      | Found an ancient bone altar of Kikubaaqudgha.
  1814 | D:2      | Became a worshipper of Kikubaaqudgha
  1834 | D:2      | Found a faded altar of an unknown god.
  2351 | D:2      | Reached XP level 4. HP: 24/24 MP: 9/12
  2451 | D:2      | Found a burning altar of Makhleb.
  2708 | D:3      | Noticed Grinder
  2717 | D:3      | Killed Grinder
  2717 | D:3      | Reached skill level 5 in Conjurations
  2717 | D:3      | Reached XP level 5. HP: 13/28 MP: 3/13
  2717 | D:3      | Reached XP level 6. HP: 15/32 MP: 3/14
  3173 | D:3      | Reached * piety under Kikubaaqudgha
  3173 | D:3      | Identified Kikubaaqudgha's Grimoire of Dark Rites
                  | (Kikubaaqudgha gifted it to you on level 3 of the Dungeon)
  3173 | D:3      | Received a gift from Kikubaaqudgha
  3178 | D:3      | Learned a level 2 spell: Corpse Rot
  3661 | D:3      | Found a bloodstained altar of Trog.
  3863 | D:3      | Reached skill level 5 in Spellcasting
  3877 | D:3      | Reached skill level 6 in Spellcasting
  3883 | D:3      | Learned a level 4 spell: Airstrike
  4089 | D:3      | Noticed Terence
  4097 | D:3      | Killed Terence
  4097 | D:3      | Reached XP level 7. HP: 27/36 MP: 7/19
  4449 | D:3      | Reached skill level 7 in Spellcasting
  4587 | D:4      | Found a runed translucent door.
  4592 | D:4      | Noticed nano's ghost (amateur OpMo)
  5420 | D:4      | Found a shimmering blue altar of Sif Muna.
  5537 | D:4      | Killed nano's ghost
  5537 | D:4      | Reached skill level 9 in Spellcasting
  5809 | D:4      | Learned a level 5 spell: Lightning Bolt
  5812 | D:4      | Learned a level 2 spell: Blink
  5817 | D:5      | Entered Level 5 of the Dungeon
  6139 | D:5      | Slain by an ice beast

Illustrated notes

Levels and vault maps discovered:
D:1:      minmay_arrival_diagonal_passages, layout_loops_corners,
          skrybe_limestone_x, minmay_pentomino_w4
D:2:      layout_basic, grunt_temple_overflow_order_and_chaos_1,
          old_standard_altar, lemuel_crystal_altar, first_ration,
          chequers_ecumenical_altar_island, kennysheep_decorative_pillar
D:3:      layout_loops_ring, trog_eyes_of_draining,
          chequers_serial_rivers_large_b, uniq_terence, uniq_grinder
D:4:      layout_basic, led_sif_pool, gammafunk_ghost_grave,
          kennysheep_generic_room_11
D:5:      layout_loops_ring, minmay_temple_entry_hall, kennysheep_diamond,
          kennysheep_generic_room_3, uniq_pikel

Skill      XL: |  1  2  3  4  5  6  7 |
---------------+----------------------+-----
Air Magic      | 4 |  4.0
Spellcasting   | 4 6 9 |  9.6
Conjurations   | 2 5 |  5.5
Dodging        | |  2.4
Stealth        | |  2.4

Action                   |  1- 3 |  4- 6 |  7- 9 || total
-------------------------+-------+-------+-------++-------
Melee: Short sword       |     2 |       |       ||     2
       Mace              |       |    27 |       ||    27
 Fire: Hunting sling     |       |     2 |       ||     2
 Cast: Shock             |    99 |    66 |    35 ||   200
       Static Discharge  |     1 |     6 |     4 ||    11
       Swiftness         |       |     2 |     1 ||     3
       Airstrike         |       |       |     8 ||     8
       Corpse Rot        |       |       |     3 ||     3
       Lightning Bolt    |       |       |     1 ||     1
       Blink             |       |       |     1 ||     1
Invok: Receive Corpses   |       |       |     4 ||     4
 Stab: Sleeping          |     2 |       |       ||     2
  Eat: Chunk             |     4 |     6 |     7 ||    17
Armor: Robe              |     4 |     3 |     1 ||     8
       Leather armour    |     6 |       |       ||     6
Dodge: Dodged            |    17 |     4 |     8 ||    29
